 Dungeon Sprint DCSS version 0.21.1-1-g345015f (webtiles) character file.

0 doot the Sneak (level 3, -5/16 HPs)
             Began as a Spriggan Enchanter on Apr 21, 2018.
             Was a Follower of Lugonu.
             Slain by a hound (6 damage)
             ... in the Dungeon (Sprint VI: "Thunderdome").
             The game lasted 00:04:41 (152 turns).

doot the Sneak (Spriggan Enchanter)                  Turns: 152, Time: 00:04:41

Health: -5/16      AC:  2    Str:  5    XL:     3   Next: 1%
Magic:  5/9        EV: 19    Int: 16    God:    Lugonu [*.....]
Gold:   200        SH:  0    Dex: 16    Spells: 5/9 levels left

rFire    . . .     SeeInvis +   a - +1 dagger
rCold    . . .     Gourm    .   (shield restricted)
rNeg     . . .     Faith    .   b - +0 robe
rPois    .         Spirit   .   (helmet restricted)
rElec    .         Reflect  .   (no cloak)
rCorr    .         Harm     .   (gloves unavailable)
MR       .....     NoTele   +   (boots unavailable)
Stlth    +++.......             (no amulet)
HPRegen  0.05/turn              (no ring)
MPRegen  0.11/turn              (no ring)

@: very quick
A: very small, unfitting armour, see invisible, herbivore, speed 3, slow
metabolism 2
a: Renounce Religion


You were in the Dungeon.
You worshipped Lugonu.
Lugonu was aware of your devotion.
You were not hungry.

You visited 1 branch You collected 200 gold pieces.

Inventory:

Hand Weapons
 a - a +1 dagger (weapon)
Armour
 b - a +0 robe (worn)
Wands
 k - a wand of acid (5)
 l - a wand of iceblast (5)
Scrolls
 j - 4 scrolls of blinking
 m - 3 scrolls of fog
Potions
 e - a potion of curing
 f - 4 potions of heal wounds
 g - 4 potions of haste
 h - 2 potions of magic
 i - a potion of berserk rage
 n - 2 potions of resistance
Books
 c - a book of Maledictions

   Spells                             Type                      Level
   a - Corona                         Hexes                        1
   b - Ensorcelled Hibernation        Hexes/Ice                    2
   c - Confuse                        Hexes                        3
   d - Tukima's Dance                 Hexes                        3
   e - Dazzling Spray                 Conjuration/Hexes            3
Comestibles
 d - a ration


   Skills:
 + Level 1.3 Short Blades
 + Level 4.1 Dodging
 + Level 6.6 Stealth
 + Level 3.9 Spellcasting
 + Level 5.9 Hexes


You had 5 spell levels left.
You knew the following spells:

 Your Spells              Type           Power        Failure   Level  Hunger
a - Corona                Hex            ###....      1%          1    None
b - Tukima's Dance        Hex            ###.....     4%          3    ###....


Dungeon Overview and Level Annotations

Branches:
Dungeon (1/1)

Altars:
Cheibriados
Dithmenos
Fedhas
Gozag
Kikubaaqudgha
Makhleb
Okawaru
Qazlal
Ru
Sif Muna
Trog
Uskayaw
Vehumet
Wu Jian
Xom
Yredelemnul
Zin
The Shining One
Beogh
Jiyva
Lugonu

Shops:
D *[%??*?*:[((!!!!


Innate Abilities, Weirdness & Mutations

You are very small and have problems with some larger weapons.
You are too small for most types of armour.
You have supernaturally acute eyesight. (SInv)
You are a herbivore.
You cover ground extremely quickly.
You need consume almost no food.


Message History

You completely miss the hound. The hound closely misses you.
The hound misses you. The hound misses you. The hound closely misses you.
The gnoll completely misses you. The gnoll barely misses you.
The gnoll completely misses you. The gnoll closely misses you.
The gnoll misses you. The hound misses you. The hound closely misses you.
The hound barely misses you. The gnoll misses you.
The hound closely misses you. The hound bites you.
* * * LOW HITPOINT WARNING * * *
You hit the gnoll but do no damage. The gnoll completely misses you.
The hound closely misses you. The gnoll completely misses you. 20...
The hound barely misses you. The gnoll misses you. The hound bites you.
You die...

#_......._# #_......._#
###.........###
#⌠.......†...⌠#
###.8.........8.######
......g.###......___∩##
......8.# #.8g.......∩###
........###.g..h........#
.....###...###.g@.......⌠
.....# #.<.# #..........⌠
.....###...###..........⌠
........###.............#
......8.# #.8........∩###
__......###......__.∩##
###.8.........8.######
#⌠...........⌠#
###.........###


You could see a hound and 3 gnolls.

Vanquished Creatures
  A hound (D)
1 creature vanquished.

Notes
Turn   | Place    | Note
-------+----------+-------------------------------------------
     0 | D        | doot the Spriggan Enchanter began the quest for the Orb.
     0 | D        | Reached XP level 1. HP: 9/9 MP: 5/5
     2 | D        | Found a corrupted altar of Lugonu.
     2 | D        | Found a stormy altar of Qazlal.
     3 | D        | Found an iron altar of Okawaru.
     3 | D        | Found an ancient bone altar of Kikubaaqudgha.
     4 | D        | Found a deep blue altar of Sif Muna.
     5 | D        | Found Kiojysuf's Do-It-Yourself Clinic.
     5 | D        | Found a roughly hewn altar of Beogh.
     5 | D        | Found a sacrificial altar of Ru.
     5 | D        | Found Iraap's Distillery.
     6 | D        | Found Refum's Bottled Wisdom.
     6 | D        | Found Ahim's Distillery.
     6 | D        | Found an ornate altar of the Wu Jian Council.
     9 | D        | Round 1.
    11 | D        | Became a worshipper of Lugonu the Unformed
    11 | D        | Reached * piety under Lugonu
    14 | D        | Found Panwet's Weapon Rack.
    14 | D        | Found Hogoj's Basic Armour.
    15 | D        | Found Koovu's Miscellaneous Merchandise.
    16 | D        | Found a shadowy altar of Dithmenos.
    16 | D        | Found a bloodstained altar of Trog.
    16 | D        | Found an opulent altar of Gozag.
    16 | D        | Found Panajuz's Premium Goods.
    21 | D        | Found a hide-covered altar of Uskayaw.
    22 | D        | Found a glowing golden altar of the Shining One.
    23 | D        | Found a shimmering altar of Xom.
    24 | D        | Found Ruaxtuc's Identification Station.
    24 | D        | Found a snail-covered altar of Cheibriados.
    24 | D        | Found Zyqafuf's Delicious Food.
    25 | D        | Found Ixaegumo's Advanced Armour.
    25 | D        | Found Bonis's Jewellery.
    29 | D        | Found a viscous altar of Jiyva.
    30 | D        | Found a glowing silver altar of Zin.
    31 | D        | Found a burning altar of Makhleb.
    32 | D        | Found Aczass's Magic Scroll Shop.
    33 | D        | Found a basalt altar of Yredelemnul.
    33 | D        | Found a radiant altar of Vehumet.
    33 | D        | Found a blossoming altar of Fedhas.
    33 | D        | Found Ybosan's Staff Store.
    33 | D        | Found Mofraub's Magic Scroll Shop.
    33 | D        | Found Vuhip's Must-Have Magic.
    35 | D        | Noticed a hound
    55 | D        | Killed a hound
    55 | D        | Reached skill level 6 in Stealth
    55 | D        | Reached skill level 5 in Hexes
    55 | D        | Reached XP level 2. HP: 6/13 MP: 4/7
    55 | D        | Reached XP level 3. HP: 7/16 MP: 5/9
    60 | D        | Learned a level 3 spell: Tukima's Dance
   152 | D        | Slain by a hound

Skill      XL: |  1 |
---------------+----+-----
Dodging        | 4 |  4.1
Stealth        | 6 |  6.6
Spellcasting   | 3 |  3.9
Hexes          | 5 |  5.9
Short Blades   | |  1.3

Action                   || total
-------------------------++-------
Melee: Dagger            ||    16
 Cast: Corona            ||     3
       Tukima's Dance    ||     1
Dodge: Dodged            ||    38
